 Dungeon Crawl Stone Soup version 0.31-a0-1549-g5ff9445e89 (webtiles) character file.

Game seed: 3027495928422033591

182 bobo the Trooper (level 5, -5/55 HPs)
             Began as an Oni Gladiator on Jan 2, 2024.
             Was an Initiate of the Shining One.
             Succumbed to a scorpion's poison
             ... on level 6 of the Dungeon.
             The game lasted 00:06:46 (2226 turns).

bobo the Trooper (Oni Gladiator)                    Turns: 2226, Time: 00:06:46

Health: -5/55      AC:  4    Str: 20    XL:     5   Next: 61%
Magic:  5/5        EV: 10    Int:  9    God:    the Shining One [......]
Gold:   135        SH:  5    Dex: 10    Spells: 4/4 levels left

rFire   . . .        a - +0 flail
rCold   . . .        (no shield)
rNeg    . . .        b - +0 robe
rPois   .            c - +1 hat
rElec   .            (no cloak)
rCorr   .            (gloves unavailable)
SInv    .            (boots unavailable)
Will    .....        h - amulet of reflection
Stlth   +            (no ring)
HPRegen 0.29/turn    (no ring)
MPRegen 0.09/turn

%: reflection
@: lethally poisoned (-5 -> -23), glowing
A: large, unfitting armour, horns 1, tough skin 1, double potion healing,
drunken brawling
a: Renounce Religion


You were on level 6 of the Dungeon.
You worshipped the Shining One.
The Shining One was noncommittal.
You visited 1 branch of the dungeon, and saw 5 of its levels.

You collected 135 gold pieces.

Inventory:

Hand Weapons
 a - a +0 flail (weapon)
Missiles
 j - 6 boomerangs (quivered)
Armour
 b - a +0 robe (worn)
 c - a +1 hat (worn)
 k - a +0 kite shield
Jewellery
 h - an amulet of reflection (around neck)
Scrolls
 f - a scroll of vulnerability
 l - a scroll of immolation
 m - a scroll of amnesia


   Skills:
 * Level 4.9 Fighting
 * Level 4.3 Maces & Flails
 + Level 2.8 Throwing
 - Level 3.0 Dodging
 + Level 1.3 Invocations


You had 4 spell levels left.
You didn't know any spells.
Your spell library contained the following spells:

 Spells                   Type           Power      Damage    Failure   Level
 Kiss of Death            Conj/Necr      0%         2d5       38%         1
 Confusing Touch          Hex            0%         N/A       77%         3
 Dispel Undead            Necr           0%         3d6       99%         4


Dungeon Overview and Level Annotations

Branches:
Dungeon (6/15)
 Temple: D:4-7

Altars:
The Shining One


Innate Abilities, Weirdness & Mutations

You are too large for most types of armour.
You have a pair of small horns on your head.
You have tough skin. (AC +1)
You gain doubled healing and magic from potions.
Whenever you drink a healing potion, you attack all around you.


Message History

You hit the scorpion.
The scorpion is severely wounded.
You feel very sick. The scorpion stings you.
The sleepcap releases spores at you.
* * * LOW HITPOINT WARNING * * *
You are engulfed in a cloud of soporific spores!
You fall asleep.
The scorpion stings you!
You wake up.
* * * LOW HITPOINT WARNING * * *
You take a swig of the potion and twirl your +0 flail.
You hit the scorpion.
The scorpion is almost dead.
You hit the sleepcap but do no damage. You headbutt the sleepcap.
The sleepcap is lightly damaged.
You savour every drop.
You feel better. The sleepcap releases spores at you!
* * * LOW HITPOINT WARNING * * *
You are engulfed in a cloud of soporific spores!
You are unaffected.
The scorpion stings you.
* * * LOW HITPOINT WARNING * * *
You are lethally poisoned!
The scorpion poisons you!
As you read the scroll labelled ZITSACH HUSMA, it crumbles to dust.
It is a scroll of enchant armour.
Your +0 hat glows green for a moment.
* * * LOW HITPOINT WARNING * * *
You feel very sick. You block the sleepcap's attack. The scorpion stings you.
* * * LOW HITPOINT WARNING * * *
You are more poisoned.
The scorpion poisons you!
Okay, then.
You aren't carrying any potions.
Okay, then.
You aren't carrying any items that you can evoke.
Throw: large rock
Press: ? - help, Shift-Dir - straight line, f/p - scorpion
Aim: a scorpion (almost dead, haloed, 76% to hit)
You throw a large rock. The large rock hits the scorpion.
You kill the scorpion!
You die...

..$ .$#### ...
.....+ #..
#....# ####..
#....# .....
#....# ...
+....+
##f###....#
#..@##<...##.
#...('........
#....#........
##############


You could see a sleepcap.

Vanquished Creatures
  2 scorpions
  A gnoll bouda (D:5)
  3 adders
  2 ufetubi (D:6)
  2 dart slugs
  4 orcs (D:2)
  4 ball pythons
  8 endoplasms
  A giant cockroach (D:2)
  A goblin (D:2)
  7 hobgoblins
  3 jackals (D:3)
  2 quokkas
  5 bats
  A frilled lizard (D:2)
  3 kobolds (D:1)
  3 rats
52 creatures vanquished.

Notes
Turn   | Place    | Note
-------+----------+-------------------------------------------
     0 | D:1      | bobo the Oni Gladiator began the quest for the Orb.
     0 | D:1      | Reached XP level 1. HP: 22/22 MP: 1/1
   153 | D:1      | Reached XP level 2. HP: 28/31 MP: 2/2
   655 | D:1      | Reached XP level 3. HP: 37/37 MP: 3/3
   943 | D:2      | Found a glowing golden altar of the Shining One.
  1302 | D:2      | Reached XP level 4. HP: 44/48 MP: 4/4
  1324 | D:2      | Became a worshipper of the Shining One
  1885 | D:3      | Noticed a scorpion
  1898 | D:3      | Killed a scorpion
  1899 | D:3      | Reached skill level 1 in Invocations
  1899 | D:3      | Reached XP level 5. HP: 55/55 MP: 5/5
  2014 | D:3      | You fall into a shaft and drop 2 floors!
  2014 | D:5      | Entered Level 5 of the Dungeon
  2223 | D:6      | HP: 2/55 [scorpion (12)]
  2226 | D:6      | Succumbed to a scorpion's poison

Illustrated notes

Levels and vault maps discovered:
D:1:      lemuel_arrival_broad_hall, layout_loops_ring
D:2:      layout_basic, basic_altar
D:3:      layout_basic, shapermc_ecumenical_altar_notcrosses, serial_forest,
          infiniplex_forest_end_3, infiniplex_forest_end_1,
          infiniplex_forest_lined_room_, infiniplex_forest_clump_C,
          infiniplex_forest_clump_C, infiniplex_forest_clump_C,
          infiniplex_forest_split
D:5:      layout_rooms, uniq_ijyb
D:6:      layout_gridville, slow_altar_1, minmay_temple_entry_offerings,
          minmay_shop_damaged, corexii_shack, uniq_pikel

Skill      XL: |  1  2  3  4 |
---------------+-------------+-----
Fighting       | 3 4 |  4.9
Dodging        | 3 |  3.0
Maces & Flails | 4 |  4.3
Invocations    | 1 |  1.3
Throwing       | |  2.8

Action                     |  1- 3 |  4- 6 || total
---------------------------+-------+-------++-------
  Melee: Flail             |    89 |    47 ||   136
         Headbutt          |    10 |    12 ||    22
  Throw: Stone             |    12 |       ||    12
         Large rock        |     2 |     2 ||     4
         Boomerang         |       |     8 ||     8
         Throwing net      |       |     3 ||     3
    Use: Scroll            |       |     6 ||     6
         Potion            |       |     1 ||     1
   Stab: Sleeping          |     2 |       ||     2
 Armour: Robe              |    38 |    53 ||    91
  Dodge: Dodged            |    48 |    28 ||    76
  Block: Other             |    11 |    15 ||    26

Table legend: (Time is in decaauts)
 A = Elapsed time spent in this place.
 B = Non-inter-level travel time spent in this place.
 C = Inter-level travel time spent in this place.
 D = Time resting spent in this place.
 E = Time spent auto-exploring this place.
 F = Levels seen in this place.
 G = Mean time per level.
                   A        B        C        D        E       F      G
               +--------+--------+--------+--------+--------+-----+--------+
         Total |   2260 |   2145 |    115 |    104 |   1533 |   5 |  452.0 |
       Dungeon |   2260 |   2145 |    115 |    104 |   1533 |   5 |  452.0 |
               +--------+--------+--------+--------+--------+-----+--------+

Top non-repeatable levels by time:
     D:2: 956 daAuts
     D:1: 806 daAuts
     D:3: 283 daAuts
     D:6: 129 daAuts
     D:5: 84 daAuts
